 Dungeon Crawl Stone Soup version 0.14.2 (webtiles) character file.

61169 rftp080 the Grappler (level 14, -9/124 HPs)
             Began as a Troll Wizard on May 31, 2016.
             Was the Champion of Cheibriados.
             Killed from afar by an oklob plant (11 damage)
             ... with a splash of acid
             ... on Level 7 of the Lair of Beasts.
             The game lasted 01:29:13 (21589 turns).

rftp080 the Grappler (Troll Wizard)                Turns: 21589, Time: 01:29:15

HP  -9/124       AC  3     Str 33      XL: 14   Next: 50%
MP  18/18        EV 19     Int 33      God: Cheibriados [******]
Gold 2454        SH  0     Dex 23      Spells:  6 memorised,  3 levels left

rFire  . . .     SeeInvis .       - Unarmed
rCold  . . .     Clarity  +     (armour restricted)
rNeg   . . .     Conserve .     (shield restricted)
rPois  +         rCorr    .     (helmet restricted)
rElec  .         rRot     .     (no cloak)
SustAb . .       Spirit   .     (gloves unavailable)
rMut   .         Warding  .     (boots unavailable)
Gourm  +         Stasis   .     (no amulet)
MR     ++...                    N - ring of poison resistance
                                m - ring of protection from magic

@: very slow, very resistant to hostile enchantments, fairly stealthy
A: unfitting armour, claws 3, clarity, fast metabolism 3, gourmand, regeneration
2, saprovore 2, screaming 1, shaggy fur 1, tough skin 2
a: Bend Time, Temporal Distortion, Slouch, Step From Time, Renounce Religion


You were on level 7 of the Lair of Beasts.
You worshipped Cheibriados.
Cheibriados was exalted by your worship.
You were very full.

You visited 3 branches of the dungeon, and saw 22 of its levels.
You also visited: Labyrinth, Ossuary and Ice Cave.

You collected 3037 gold pieces.
You spent 583 gold pieces at shops.

Inventory:

Missiles
 B - 5 large rocks
 G - 3 javelins (quivered)
Armour
 D - the +0 cloak of the Chupacabra {rElec rF+ Int+2 Stlth+}
   (You bought it in a shop on level 4 of the Orcish Mines)

   It affects your intelligence (+2).
   It protects you from fire.
   It insulates you from electricity.
   It makes you much more stealthy.
Magical devices
 o - a wand of draining (0)
 t - a wand of teleportation (3)
 A - a wand of fire (2)
Comestibles
 d - 9 meat rations
 w - 11 grapes
 E - a choko
 L - 2 bread rations
Scrolls
 c - 4 scrolls of fog
 l - a scroll of torment {unknown}
 n - a scroll of holy word
 p - 3 scrolls of enchant armour
 u - 4 scrolls of remove curse
 v - a scroll of identify
 x - 2 scrolls of fear
 F - 4 scrolls of teleportation
 H - 3 scrolls of blinking
 O - a scroll of amnesia
 R - a scroll of enchant weapon II
Jewellery
 a - an uncursed ring of positive energy
 i - an uncursed ring of protection from cold
 j - the ring of Clycyun {+Inv Dex+4 Dam-3}
   (You found it in an ice cave)

   [ring of invisibility]

   It affects your dexterity (+4).
   It affects your damage with ranged weapons and melee attacks (-3).
 m - a ring of protection from magic (left claw)
 q - an uncursed ring of sustain abilities
 r - an uncursed ring of protection from fire
 N - a ring of poison resistance (right claw)
 S - an uncursed ring of ice
 V - the ring "Zaobb" {-Tele rF+ MR+ Int+2}
   (You took it off a minotaur in a labyrinth)

   [ring of protection from magic]

   It affects your intelligence (+2).
   It protects you from fire.
   It prevents most forms of teleportation.
Potions
 f - 3 potions of agility
 g - 2 potions of cure mutation
 h - 2 potions of flight
 k - 3 potions of curing
 z - a potion of heal wounds
 K - 2 potions of restore abilities
 P - a potion of brilliance
 Z - a potion of resistance
Books
 b - a book of Enchantments

   Spells                             Type                      Level
   Cause Fear                         Hexes                        4
   Silence                            Hexes/Air                    5
   Tukima's Dance                     Hexes                        5
   Deflect Missiles                   Charms/Air                   6
   Haste                              Charms                       6
   Discord                            Hexes                        8
 I - a book of the Earth

   Spells                             Type                      Level
   Leda's Liquefaction                Hexes/Earth                  4
   Bolt of Magma                      Conjuration/Fire/Earth       5
   *Statue Form                       Transmutation/Earth          6
   Iron Shot                          Conjuration/Earth            6
   Shatter                            Earth                        9
 M - a book of Annihilations {highlevel}

   This book is beyond your current level of understanding.

   Spells                             Type                      Level
   Poison Arrow                       Conjuration/Poison           6
   Chain Lightning                    Conjuration/Air              8
   Lehudib's Crystal Spear            Conjuration/Earth            8
   Glaciate                           Conjuration/Ice              9
   Fire Storm                         Conjuration/Fire             9
 X - a book of Burglary

   Spells                             Type                      Level
   Apportation                        Translocation                1
   Swiftness                          Charms/Air                   2
   Passwall                           Transmutation/Earth          3
   Passage of Golubria                Translocation                4
   Lee's Rapid Deconstruction         Earth                        5
   Darkness                           Hexes                        7
Magical staves
 Q - an uncursed staff of wizardry
Miscellaneous
 U - a lamp of fire
 W - a fan of gales


   Skills:
 - Level 4.4 Fighting
 - Level 10.0 Dodging
 - Level 1.1 Stealth
   Level 13.6 Shields
 - Level 14.2 Unarmed Combat
 + Level 3.6 Spellcasting
 - Level 0.6 Conjurations
   Level 0.6 Summonings
 - Level 0.6 Translocations
 * Level 3.7 Transmutations
 * Level 4.8 Earth Magic
 - Level 5.1 Invocations


You had 3 spell levels left.
You knew the following spells:

 Your Spells              Type           Power        Failure   Level  Hunger
a - Magic Dart            Conj           ##..         4%          1    None
b - Blink                 Tloc           N/A          8%          2    None
c - Repel Missiles        Chrm/Air       #.....       12%         2    None
d - Mephitic Cloud        Conj/Pois/Air  #.......     17%         3    ##.....
e - Conjure Flame         Conj/Fire      #.......     17%         3    ##.....
f - Statue Form           Trmt/Erth      ####......   98%         6    #######


Dungeon Overview and Level Annotations

Branches:
Dungeon (11/15)            Temple (0/1) D:4             Orc (4/4) D:10
    Elf (0/3) Orc:4          Lair (7/8) D:11         Shoals (0/5) Lair:6
 Spider (0/5) Lair:5
  Slime: Lair:6-8

Altars:
Ashenzari
Cheibriados
Fedhas
Kikubaaqudgha
Nemelex Xobeh
Trog
Vehumet
Beogh

Shops:
D:7 *   Orc:3 ?   Orc:4 (=[*

Annotations:
Lair:2 exclusion: oklob plant
Lair:7 exclusion: 3 oklob plants


Innate Abilities, Weirdness & Mutations

You are too large for most types of armour.
You have claws for hands.*
Your metabolism is lightning-fast.
You like to eat raw meat.
You heal very quickly.
You can eat rotten meat.
You are covered in fur (AC +1).*
You have very tough skin (AC +2).*
You possess an exceptional clarity of mind.
You occasionally shout uncontrollably.


Message History

The splash of acid hits you!
The acid burns!
You see here a leatherbound book.
b - a book of Enchantments The oklob plant spits acid at you.
The splash of acid hits you!
The acid burns!
Found a bubbling red potion.
Drink which item? (? for menu, Esc to quit)
You feel much better. The oklob plant spits acid at you.
The splash of acid misses you. The oklob plant spits acid at you.
The splash of acid hits you!
The acid burns!
A giant slug comes into view.
The oklob plant spits acid at you. The splash of acid hits you!
The acid burns!
* * * LOW HITPOINT WARNING * * *
x2 The oklob plant spits acid at you.
The splash of acid hits you!
The acid burns!
* * * LOW HITPOINT WARNING * * *
You die...

#.....PPP...#.%.....
....P.............. #
#.....PP........#P.
..###.!..P.............
....%...........##......
.#..............#.#.....
...........$............
.!...................>...
#......@....%........#..
#..........[!.##P..#..P.
#........###..##.....PP.
##........ #####.....PPP
#........P #....f.PP%
#.#......j. #.#.......
........... ##.....##.
........# #...###f. .P≈
##....###


You could see a giant slug (wandering) and an oklob plant.

Vanquished Creatures
  A frost giant (IceCv)
  An orc warlord (Orc:4)
  An ettin (Orc:3)
  A minotaur (Lab)
  Erica (D:11)
  A death yak (IceCv)
  An orc high priest (Orc:4)
  2 hydras
  Erolcha (D:9)
  An ice statue (IceCv)
  5 orc knights
  Pikel (D:4)
  A hill giant (D:11)
  Joseph (D:10)
  2 orc sorcerers (Orc:4)
  A griffon (Lair:5)
  A cyclops (Orc:2)
  11 elephants (Lair:6)
  Maurice (D:9)
  2 black mambas
  4 gargoyles
  A feature mimic (D:10)
  7 spiny frogs
  9 komodo dragons
  A fire drake (Lair:2)
  2 trolls (D:10)
  A fire vortex (Lair:3)
  A red devil (Orc:4)
  13 blink frogs
  2 jumping spiders (Lair:5)
  14 polar bears (IceCv)
  A minotaur skeleton (Lab)
  A basilisk (Lair:3)
  31 yaks
  A trapdoor spider (Lab)
  Eustachio (D:5)
  4 hippogriffs
  2 elephant slugs (Lair:6)
  8 sharks
  2 hungry ghosts
  3 wyverns
  A hill giant skeleton (D:8)
  Edmund (D:4)
  Menkaure (D:5)
  2 wargs
  25 wolves
  4 necrophages
  7 water moccasins
  39 orc warriors
  4 ice beasts
  2 sky beasts
  9 porcupines
  3 black bears
  5 giant goldfish
  14 ogres
  3 centaurs
  3 phantoms
  6 crocodiles
  A boring beetle (Lair:6)
  A lava worm (Lair:3)
  Sigmund (D:6)
  Duvessa (D:6)
  25 giant frogs
  5 giant slugs
  A water moccasin zombie (D:6)
  3 scorpions
  2 eyes of draining
  10 killer bees
  A hippogriff zombie (D:8)
  5 wights (D:9)
  4 electric eels
  Dowan (D:6)
  5 crimson imps
  A quasit (D:6)
  A giant frog zombie (Ossuary)
  A lava snake (Lair:3)
  26 orc priests
  2 goliath beetles
  A centaur zombie (Ossuary)
  5 jellies
  Crazy Yiuf (D:4)
  15 hounds
  4 iguanas
  30 orc wizards
  3 big fish
  10 worker ants
  24 sheep
  An ogre zombie (Ossuary)
  3 sky beast zombies
  Ijyb (D:6)
  A mottled dragon skeleton (D:8)
  2 hound zombies (Ossuary)
  A hound skeleton (D:8)
  12 mummies
  A worker ant zombie (D:6)
  4 gnolls (D:3)
  A worm zombie (Ossuary)
  22 adders
  42 green rats
  6 shadow imps
  3 giant mites
  An inept feature mimic (D:2)
  An inept item mimic (D:9)
  2 goliath beetle zombies (Ossuary)
  9 worms
  An iguana zombie (Ossuary)
  2 adder zombies
  3 giant eyeballs
  An iguana skeleton (D:5)
  9 giant geckos
  An ooze (D:2)
  192 orcs
  15 bats
  4 bat zombies (Ossuary)
  19 goblins
  17 hobgoblins
  22 jackals
  15 quokkas
  10 giant cockroaches
  A giant gecko zombie (Ossuary)
  6 giant newts
  A giant spore (D:8)
  2 goblin zombies (Ossuary)
  2 jackal zombies (Ossuary)
  9 kobolds
  2 kobold zombies
  6 orc zombies
  27 rats
  3 rat zombies (Ossuary)
  10 ballistomycetes
  A bush (D:6)
  2 fungi (Lair:7)
  2 plants
963 creatures vanquished.

Vanquished Creatures (collateral kills)
  A hydra (Lair:3)
1 creature vanquished.

Vanquished Creatures (others)
  A wizard (D:7)
  A polar bear (IceCv)
  A wyvern (D:9)
  6 wolves (IceCv)
  A slave (D:4)
  An orc wizard (D:4)
  2 iguanas (D:4)
  A jackal (D:4)
  2 bats
  2 giant spores
  8 fungi
  8 plants
34 creatures vanquished.

Grand Total: 998 creatures vanquished

Notes
Turn   | Place    | Note
--------------------------------------------------------------
     0 | D:1      | rftp080, the Troll Wizard, began the quest for the Orb.
     0 | D:1      | Reached XP level 1. HP: 16/16 MP: 3/3
   267 | D:1      | Reached skill level 1 in Unarmed Combat
   397 | D:1      | Reached XP level 2. HP: 24/24 MP: 3/3
  1061 | D:2      | Reached XP level 3. HP: 23/31 MP: 5/5
  1101 | D:2      | Reached skill level 3 in Unarmed Combat
  1284 | D:2      | Reached XP level 4. HP: 32/39 MP: 5/5
  1742 | D:2      | Gained mutation: You possess an exceptional clarity of mind. [mutagenic glow]
  1762 | D:2      | Gained mutation: You occasionally shout uncontrollably. [mutagenic glow]
  1766 | D:2      | Found a sparkling altar of Nemelex Xobeh.
  1922 | D:3      | Reached skill level 4 in Unarmed Combat
  2158 | D:3      | Learned a level 2 spell: Blink
  2161 | D:3      | Learned a level 2 spell: Repel Missiles
  2346 | D:3      | Reached XP level 5. HP: 43/45 MP: 6/6
  2496 | D:3      | Found a shattered altar of Ashenzari.
  2496 | D:3      | Found a radiant altar of Vehumet.
  2621 | D:4      | Noticed an ogre
  2624 | D:4      | Noticed a phantom
  2631 | D:4      | Found a sand-covered staircase.
  2638 | Ossuary  | Entered an ossuary
  2663 | Ossuary  | HP: 1/45 [mummy (13)]
  2664 | Ossuary  | Reached skill level 5 in Unarmed Combat
  2746 | Ossuary  | Reached XP level 6. HP: 27/53 MP: 7/7
  2764 | Ossuary  | Reached skill level 6 in Unarmed Combat
  2997 | Ossuary  | Reached skill level 7 in Unarmed Combat
  3197 | D:4      | Killed an ogre
  3197 | D:4      | Reached XP level 7. HP: 8/59 MP: 8/8
  3312 | D:4      | Noticed a slave
  3313 | D:4      | Noticed a slave
  3313 | D:4      | Noticed Pikel
  3313 | D:4      | Noticed a slave
  3337 | D:4      | Paralysed by something for 7 turns
  3353 | D:4      | Killed Pikel
  3353 | D:4      | Reached skill level 9 in Unarmed Combat
  3353 | D:4      | Reached XP level 8. HP: 38/67 MP: 8/8
  3370 | D:4      | Noticed a freed slave
  3614 | D:4      | Found a staircase to the Ecumenical Temple.
  3667 | D:4      | Found a snail-covered altar of Cheibriados.
  3693 | D:4      | Became a worshipper of Cheibriados the Contemplative
  3793 | D:4      | Noticed Edmund
  3809 | D:4      | Killed Edmund
  3914 | D:4      | Noticed an orc warrior
  3929 | D:4      | Killed an orc warrior
  4080 | D:4      | Killed a phantom
  4184 | D:4      | Noticed Crazy Yiuf
  4193 | D:4      | Killed Crazy Yiuf
  4227 | D:4      | Killed a freed slave
  4513 | D:5      | Entered Level 5 of the Dungeon
  4564 | D:5      | Reached skill level 10 in Unarmed Combat
  4832 | D:5      | Noticed Eustachio
  4837 | D:5      | Killed Eustachio
  4859 | D:5      | Learned a level 3 spell: Mephitic Cloud
  4863 | D:5      | Learned a level 3 spell: Conjure Flame
  4996 | D:5      | Noticed Menkaure
  5007 | D:5      | Killed Menkaure
  5007 | D:5      | Reached XP level 9. HP: 22/74 MP: 9/9
  5360 | D:6      | Found an ancient bone altar of Kikubaaqudgha.
  5493 | D:6      | Noticed Duvessa
  5493 | D:6      | Noticed Dowan
  5509 | D:6      | Killed Duvessa
  5514 | D:6      | Killed Dowan
  5514 | D:6      | Reached skill level 5 in Dodging
  5617 | D:6      | Reached skill level 11 in Unarmed Combat
  5758 | D:6      | Noticed Sigmund
  5762 | D:6      | Killed Sigmund
  5987 | D:6      | Noticed Ijyb
  5990 | D:6      | Killed Ijyb
  6003 | D:6      | Found a blossoming altar of Fedhas.
  6339 | D:7      | Acquired Cheibriados' first power
  6418 | D:7      | Found Siar's Assorted Antiques.
  6508 | D:7      | Found a shattered altar of Ashenzari.
  6752 | D:7      | Found a bloodstained altar of Trog.
  6752 | D:7      | Noticed a wizard
  6757 | D:7      | Killed a wizard
  6823 | D:7      | Reached XP level 10. HP: 61/81 MP: 10/10
  7103 | D:7      | Acquired Cheibriados' second power
  7106 | D:7      | Reached skill level 12 in Unarmed Combat
  7292 | D:8      | Acquired Cheibriados' third power
  7578 | D:8      | Reached skill level 1 in Invocations
  7698 | D:8      | Paralysed by a giant eyeball for 3 turns
  7978 | D:9      | Paralysed by a giant eyeball for 2 turns
  7986 | D:9      | Paralysed by a giant eyeball for 2 turns
  8245 | D:9      | Noticed Erolcha
  8252 | D:9      | Killed Erolcha
  8294 | D:9      | Reached XP level 11. HP: 63/88 MP: 11/11
  8301 | D:9      | Reached skill level 13 in Unarmed Combat
  8379 | D:9      | Noticed Maurice
  8395 | D:9      | Killed Maurice
  8908 | D:10     | Entered Level 10 of the Dungeon
  8944 | D:10     | Noticed Joseph
  8958 | D:10     | Killed Joseph
  9273 | D:10     | Reached skill level 5 in Invocations
  9593 | D:10     | Reached skill level 1 in Fighting
  9921 | D:10     | Found a staircase to the Orcish Mines.
 10058 | Orc:1    | Entered Level 1 of the Orcish Mines
 10794 | Orc:1    | Found a bloodstained altar of Trog.
 10950 | Orc:2    | Found a roughly hewn altar of Beogh.
 11154 | Orc:3    | Found a roughly hewn altar of Beogh.
 11162 | Orc:3    | Noticed an ettin
 11172 | Orc:3    | Killed an ettin
 11265 | Orc:3    | Found Caskaep's Magic Scroll Emporium.
 11277 | Orc:3    | You fall through a shaft!
 11277 | Orc:4    | Entered Level 4 of the Orcish Mines
 11277 | Orc:4    | Found a roughly hewn altar of Beogh.
 11337 | Orc:4    | Noticed an orc high priest
 11347 | Orc:4    | Killed an orc high priest
 11347 | Orc:4    | Reached skill level 14 in Unarmed Combat
 11347 | Orc:4    | Reached XP level 12. HP: 83/105 MP: 15/15
 11480 | Orc:4    | Found a staircase to the Elven Halls.
 12243 | D:7      | Bought a shield for 94 gold pieces
 12554 | Orc:3    | Reached skill level 1 in Shields
 13149 | Orc:4    | Noticed an orc warlord
 13240 | Orc:4    | Found a roughly hewn altar of Beogh.
 13255 | Orc:4    | Killed an orc warlord
 13255 | Orc:4    | Reached skill level 5 in Shields
 13575 | Orc:4    | Found Frosiohu's General Store.
 13608 | Orc:4    | Found Huzicir's Antique Armour Emporium.
 13686 | Orc:4    | Found Smaexawk's Jewellery Emporium.
 13701 | Orc:4    | Found Klant's Antique Weapon Emporium.
 13940 | Orc:4    | Bought a shiny shield for 157 gold pieces
 13940 | Orc:4    | Bought a pitted cloak for 332 gold pieces
 13955 | Orc:4    | Identified the +0 cloak of the Chupacabra {rElec rF+ Int+2 Stlth+} (You bought it in a shop on level 4 of the Orcish Mines)
 14071 | D:11     | Noticed Erica
 14077 | D:11     | Killed Erica
 14113 | D:11     | Found a labyrinth entrance.
 14119 | Lab      | Entered a labyrinth
 14576 | Lab      | Noticed a minotaur
 14600 | Lab      | Killed a minotaur
 14602 | Lab      | Got a warped steel ring
 14603 | Lab      | Got a heavy robe
 14609 | Lab      | Identified the cursed +0 robe of the Eight Realms {rElec Dam-7 Stlth--} (You took it off a minotaur in a labyrinth)
 14979 | D:11     | Reached XP level 13. HP: 115/115 MP: 16/16
 15035 | D:11     | Found a staircase to the Lair.
 15227 | Lair:1   | Entered Level 1 of the Lair of Beasts
 15260 | Lair:1   | Found a frozen archway.
 15269 | IceCv    | Entered an ice cave
 15604 | IceCv    | Got a warped jade ring
 15861 | IceCv    | Reached skill level 10 in Shields
 16069 | IceCv    | Noticed a frost giant
 16110 | IceCv    | Killed a frost giant
 16167 | IceCv    | Identified a scroll of acquirement
 17070 | Lair:2   | Found a blossoming altar of Fedhas.
 18487 | Lair:3   | Reached skill level 10 in Dodging
 18620 | Lair:3   | Learned a level 6 spell: Statue Form
 18709 | Lair:4   | Reached skill level 1 in Earth Magic
 18709 | Lair:4   | Reached XP level 14. HP: 124/124 MP: 17/17
 18883 | Lair:4   | Identified the ring "Zaobb" {-Tele rF+ MR+ Int+2} (You took it off a minotaur in a labyrinth)
 18884 | Lair:4   | Identified the ring of Clycyun {+Inv Dex+4 Dam-3} (You found it in an ice cave)
 19050 | Lair:4   | Reached skill level 1 in Transmutations
 19991 | Lair:5   | Found a hole to the Spider Nest.
 20276 | Lair:6   | Found a staircase to the Shoals.
 21589 | Lair:7   | HP: 2/124 [acid (17)]
 21589 | Lair:7   | Killed from afar by an oklob plant

Action                   |  1- 3 |  4- 6 |  7- 9 | 10-12 | 13-15 || total
-------------------------+-------+-------+-------+-------+-------++-------
Melee: Unarmed           |   117 |   267 |   419 |  1090 |  1020 ||  2913
Throw: Javelin           |       |       |       |       |     3 ||     3
       Large rock        |       |       |       |       |     1 ||     1
 Cast: Repel Missiles    |       |     1 |     1 |     6 |     4 ||    12
       Blink             |       |       |     1 |     3 |     3 ||     7
       Magic Dart        |       |       |       |    27 |       ||    27
       Mephitic Cloud    |       |       |       |    13 |     3 ||    16
Invok: Slouch            |       |       |       |       |     2 ||     2
Evoke: Wand              |       |       |     2 |     3 |    14 ||    19
       Fan of gales      |       |       |       |       |     1 ||     1
  Use: Scroll            |       |    14 |     8 |    13 |    13 ||    48
       Potion            |       |     4 |     1 |     4 |     2 ||    11
 Stab: Sleeping          |       |     1 |     3 |     7 |     8 ||    19
       Confused          |       |       |       |     6 |     4 ||    10
       Distracted        |       |       |       |     2 |     1 ||     3
